 Dungeon Crawl Stone Soup version 0.31-a0-744-gbc345e7fcb (webtiles) character file.

Game seed: 6417207956640147474

13 Bravepunisher the Ducker (level 2, 0/16 HPs)
             Began as a Spriggan Monk on Sept 13, 2023.
             Slain by Duvessa
             ... wielding a +0 short sword
              (6 damage)
             ... on level 6 of the Dungeon.
             The game lasted 00:02:57 (672 turns).

Bravepunisher the Ducker (Spriggan Monk)             Turns: 672, Time: 00:02:57

Health: 0/16       AC:  2    Str:  7    XL:     2   Next: 24%
Magic:  3/3        EV: 19    Int: 11    God:
Gold:   48         SH:  0    Dex: 17    Spells: 1/1 levels left

rFire   . . .        a - +0 short sword
rCold   . . .        d - orb {light}
rNeg    . . .        b - +0 robe
rPois   .            (helmet restricted)
rElec   .            (no cloak)
rCorr   .            (gloves unavailable)
SInv    +            (boots unavailable)
Will    .....        (no amulet)
Stlth   +            (no ring)
HPRegen 0.22/turn    (no ring)
MPRegen 0.08/turn

%: no passive effects
@: glowing, very quick
A: very small, no large weapons, unfitting armour, see invisible, speed 3
a: no special abilities


You were on level 6 of the Dungeon.
You visited 1 branch of the dungeon, and saw 6 of its levels.

You collected 48 gold pieces.

Inventory:

Hand Weapons
 a - a +0 short sword (weapon)
Armour
 b - a +0 robe (worn)
 d - an orb of light (worn)
Scrolls
 f - 3 scrolls of identify {unknown}
Potions
 c - a potion of ambrosia
 e - a potion of might {unknown}
 g - a potion of mutation {unknown}


   Skills:
 + Level 2.6 Fighting
 - Level 3.2 Short Blades
 * Level 4.7 Dodging


You had one spell level left.
You didn't know any spells.
Your spell library was empty.

Dungeon Overview and Level Annotations

Branches:
Dungeon (6/15)
 Temple: D:4-7

Altars:

Annotations:
D:6 Dowan, Duvessa, Jeremiah


Innate Abilities, Weirdness & Mutations

You are very small and have problems with some larger weapons.
You are too small for most types of armour.
You have supernaturally acute eyesight. (SInv)
You cover ground extremely quickly. (Speed+++)


Message History

Found a scroll labelled REDIN XORYS.
The hobgoblin shouts!
An orc comes into view. It is wielding a +0 short sword.
Found a ring mail.
The orc shouts!
Found a lumpy coppery potion.
Found an escape hatch in the floor.
The hobgoblin hits you.
There is a stone staircase leading down here.
You climb downwards.
There is a stone staircase leading up here.
Found a stone staircase leading down.
You open the door.
There is an open door here.
An ogre comes into view. It is wielding a +0 giant spiked club.
An iguana comes into view.
You open the door.
The iguana hisses angrily.
There is an open door here.
There is an open door here.
There is an open door here.
There is a stone staircase leading down here.
You open the door.
There is a stone staircase leading down here.
You climb downwards.
There is a stone staircase leading up here.
Jeremiah, Barachi Dreamer comes into view.
They are wielding a +2 trident of draining, wearing a +2 robe of positive energy and wearing an orb of mayhem.
Jeremiah mumbles a slurred invocation.
Something smites you!
Ouch! That really hurt!
* * * LOW HITPOINT WARNING * * *
Found a knobbly wooden ring and a scroll labelled XEEZYMEOMO.
Duvessa, Sister of Dowan comes into view.
She is wielding a +0 short sword.
Duvessa shouts!
You hear a shout!
Duvessa moves out of view.
You hear a shout!
Found a stone staircase leading up.
Dowan, Brother of Duvessa comes into view.
He is wielding a +0 dagger.
Dowan shouts!
You hear a shout!
Duvessa hits you with a +0 short sword.
You die...

<...#........#
###.#........# .#
#.#........# .#
###.......# ..
#..Fbb##.## .#
......##.# .###
#.....##.# ...
#.....##.########.#####
#.....##........@.....#
#.?=..###.######e.###.#
###.#.###.# ..<.#
#.......# .....#
###.....# ....e.#
##.###.# ........
#......#........##
######.####.#.### #.#


You could see Duvessa and Dowan.

Vanquished Creatures
  A dart slug (D:4)
  An orc (D:4)
  3 endoplasms
  A goblin (D:1)
  A hobgoblin (D:3)
  A ball python (D:4)
  A rat (D:1)
9 creatures vanquished.

Notes
Turn   | Place    | Note
-------+----------+-------------------------------------------
     0 | D:1      | Bravepunisher the Spriggan Monk began the quest for the
                  | Orb.
     0 | D:1      | Reached XP level 1. HP: 11/11 MP: 2/2
   245 | D:4      | Reached XP level 2. HP: 16/16 MP: 3/3
   465 | D:4      | Noticed an ice beast
   555 | D:5      | Entered Level 5 of the Dungeon
   599 | D:5      | Noticed an ogre
   633 | D:6      | Noticed Jeremiah
   669 | D:6      | Noticed Duvessa
   671 | D:6      | Noticed Dowan
   672 | D:6      | Slain by Duvessa

Illustrated notes

Levels and vault maps discovered:
D:1:      enne_arrival_octagon_isle, layout_loops_ring, serial_shops,
          nicolae_shop_stone, hellmonk_ecumenical_altar_crossroads,
          nicolae_twisty_statue_hallways
D:2:      layout_loops_ring
D:3:      layout_basic, portal_sewer_entry_d, chequers_serial_rivers_room_a,
          kennysheep_generic_room_13, uniq_ijyb
D:4:      layout_loops_cross, serial_glass, glass_columns_a, glass_columns_b,
          glass_columns_a, glass_columns_c, minmay_strange_pillars,
          minmay_strange_pillars
D:5:      layout_basic
D:6:      layout_basic, grunt_temple_overflow_open,
          chequers_temple_overflow_minitemple, uniq_edmund, uniq_duvessa,
          uniq_jeremiah

Action                     || total
---------------------------++-------
  Melee: Short sword       ||    27
 Armour: Robe              ||     4
  Dodge: Dodged            ||    16

Table legend: (Time is in decaauts)
 A = Elapsed time spent in this place.
 B = Non-inter-level travel time spent in this place.
 C = Inter-level travel time spent in this place.
 D = Time resting spent in this place.
 E = Time spent auto-exploring this place.
 F = Levels seen in this place.
 G = Mean time per level.
                   A        B        C        D        E       F      G
               +--------+--------+--------+--------+--------+-----+--------+
         Total |    430 |    430 |      0 |      0 |    188 |   6 |   71.7 |
       Dungeon |    430 |    430 |      0 |      0 |    188 |   6 |   71.7 |
               +--------+--------+--------+--------+--------+-----+--------+

Top non-repeatable levels by time:
     D:4: 244 daAuts
     D:2: 53 daAuts
     D:5: 46 daAuts
     D:3: 35 daAuts
     D:6: 25 daAuts
     D:1: 24 daAuts
